 Dungeon Crawl Stone Soup version 0.29.0-3-gbb0933ed62 (webtiles) character file.

Game seed: 8162798631331920394

43 GigaChad the Covered (level 3, -8/33 HPs)
             Began as a Minotaur Fighter on Aug 25, 2022.
             Killed from afar by Sigmund (11 damage)
             ... with a puff of flame
             ... on level 2 of the Dungeon.
             The game lasted 00:03:51 (2053 turns).

GigaChad the Covered (Minotaur Fighter)             Turns: 2053, Time: 00:03:52

Health: -8/33      AC:  7    Str: 22    XL:     3   Next: 37%
Magic:  2/2        EV:  9    Int:  5    God:
Gold:   104        SH:  4    Dex:  9    Spells: 2/2 levels left

rFire   . . .      SeeInvis .   a - +0 long sword
rCold   . . .      Faith    .   c - +0 buckler
rNeg    . . .      Spirit   .   b - +0 scale mail
rPois   .          Reflect  .   (helmet restricted)
rElec   .          Harm     .   (no cloak)
rCorr   .          Rampage  .   (no gloves)
Will    .....                   (no boots)
Stlth   ..........              (no amulet)
HPRegen 0.11/turn               (no ring)
MPRegen 0.08/turn               (no ring)

@: no status effects
A: horns 2, retaliatory headbutt
a: no special abilities


You were on level 2 of the Dungeon.
You visited 1 branch of the dungeon, and saw 2 of its levels.

You collected 104 gold pieces.

Inventory:

Hand Weapons
 a - a +0 long sword (weapon)
Armour
 b - a +0 scale mail (worn)
 c - a +0 buckler (worn)
Magical Staves
 e - a staff of cold
 i - a staff of conjuration
Scrolls
 h - a scroll of poison {unknown}
 l - a scroll of identify
Potions
 d - a potion of might
 f - a potion of curing
 g - a potion of mutation {unknown}
 j - a potion of attraction {unknown}
 k - 2 potions of brilliance {unknown}


   Skills:
 + Level 4.0 Fighting
 + Level 2.7 Long Blades
 + Level 4.3 Armour
 + Level 0.2 Dodging
 + Level 4.3 Shields


You had 2 spell levels left.
You didn't know any spells.
Your spell library contained the following spells:

 Spells                   Type           Power      Damage    Failure   Level
 Conjure Flame            Conj/Fire      0%         6-21      99%         3
 Ignite Poison            Fire/Tmut/Pois 0%         N/A       99%         3
 Sticky Flame             Conj/Fire      0%         2d3       100%        4


Dungeon Overview and Level Annotations

Branches:
Dungeon (2/15)

Altars:

Annotations:
D:2 Sigmund


Innate Abilities, Weirdness & Mutations

You have a pair of horns on your head.
You reflexively headbutt those who attack you in melee.


Message History

Sigmund is moderately wounded.
The hobgoblin barely misses you. You furiously retaliate!
You headbutt the hobgoblin.
Sigmund casts a spell.
Sigmund flickers and vanishes!
Deactivating autopickup; reactivate with Ctrl-A.
You miss something. The hobgoblin completely misses you. Something hits you!
You hit something.
The hobgoblin hits you but does no damage. x2
You block something's attack.
You closely miss something.
The hobgoblin hits you but does no damage.
Something hits you.
You miss something.
The hobgoblin hits you but does no damage.
You closely miss something. Something hits you.
The hobgoblin hits you but does no damage. x2
You hit something but do no damage.
You hear some strange, mumbled words.
A magic dart appears from out of thin air!
The magic dart hits you.
The hobgoblin hits you but does no damage.
You block something's attack.
You hit something. Your headbutt misses something. The hobgoblin hits you.
You hit something.
You hear some strange, mumbled words.
A puff of flame appears from out of thin air!
The puff of flame hits you!
* * * LOW HITPOINT WARNING * * *
The hobgoblin barely misses you. Something hits you but does no damage.
You block the hobgoblin's attack.
You hit something but do no damage. The hobgoblin barely misses you.
You miss something. Something hits you.
* * * LOW HITPOINT WARNING * * *
You block the hobgoblin's attack.
You miss something.
You hear some strange, mumbled words.
A puff of flame appears from out of thin air!
The puff of flame hits you!
You die...

### #.. #..
######################..
......{@................
####..g..###############
.......#.# #.####.... #
###..# .. ##.. ... ##.
..###### .. ....... ..
#...##


You could see a hobgoblin.

Vanquished Creatures
  2 adders (D:2)
  2 dart slugs
  3 endoplasms
  A giant cockroach (D:2)
  2 hobgoblins (D:2)
  A quokka (D:1)
  2 ball pythons (D:2)
  A bat (D:1)
  A frilled lizard (D:1)
  3 goblins
  2 kobolds (D:2)
  2 rats (D:2)
22 creatures vanquished.

Notes
Turn   | Place    | Note
-------+----------+-------------------------------------------
     0 | D:1      | GigaChad the Minotaur Fighter began the quest for the Orb.
     0 | D:1      | Reached XP level 1. HP: 19/19 MP: 0/0
     8 | D:1      | Noticed an electric eel
   421 | D:1      | Reached XP level 2. HP: 25/27 MP: 1/1
  1113 | D:2      | Reached XP level 3. HP: 5/33 MP: 2/2
  2036 | D:2      | Noticed Sigmund
  2053 | D:2      | Killed from afar by Sigmund

Illustrated notes

Levels and vault maps discovered:
D:1:      arrival_aquarium_a, layout_basic
D:2:      layout_basic, basic_altar, minmay_split_cup_small, uniq_sigmund

Skill      XL: |  1  2 |
---------------+-------+-----
Shields        | 4 |  4.3
Armour         | 4 |  4.3
Fighting       | 4 |  4.0
Long Blades    | |  2.7
Dodging        | |  0.2

Action                   || total
-------------------------++-------
Melee: Long sword        ||    69
       Headbutt          ||     9
  Use: Scroll            ||     5
Armor: Scale mail        ||    44
Dodge: Dodged            ||    26
Block: Buckler           ||    18
